 Dungeon Crawl Stone Soup version 0.28.0 (webtiles) character file.

Game seed: 2157875874880124977

35 Elvor the Skirmisher (level 3, -2/24 HPs)
             Began as a Gargoyle Fighter on Feb 15, 2022.
             Slain by a goblin (5 damage)
             ... led by Robin
             ... on level 2 of the Dungeon.
             The game lasted 00:06:19 (633 turns).

Elvor the Skirmisher (Gargoyle Fighter)              Turns: 633, Time: 00:06:22

Health: -2/24      AC: 10    Str: 21    XL:     3   Next: 33%
Magic:  3/3        EV:  9    Int:  8    God:
Gold:   10         SH:  4    Dex:  9    Spells: 2/2 levels left

rFire   . . .      SeeInvis .   a - +0 flail
rCold   . . .      Faith    .   c - +0 buckler
rNeg    + . .      Spirit   .   b - +0 scale mail
rPois   ∞          Reflect  .   (no helmet)
rElec   +          Harm     .   (no cloak)
rCorr   .          Rampage  .   (no gloves)
Will    .....                   (no boots)
Stlth   ..........              (no amulet)
HPRegen 0.08/turn               (no ring)
MPRegen 0.08/turn               (no ring)

@: no status effects
A: sickness immunity, AC +3, negative energy resistance 1, electricity
resistance, torment resistance 1, petrification resistance
a: no special abilities


You were on level 2 of the Dungeon.
You visited 1 branch of the dungeon, and saw 2 of its levels.

You collected 10 gold pieces.

Inventory:

Hand Weapons
 a - a +0 flail (weapon)
Missiles
 g - 25 stones (quivered)
 h - 4 poisoned darts
Armour
 b - a +0 scale mail (worn)
 c - a +0 buckler (worn)
Scrolls
 e - a scroll of teleportation {unknown}
 j - a scroll of fog {unknown}
Potions
 d - a potion of might
 f - a potion of heal wounds {unknown}
 i - a potion of berserk rage {unknown}


   Skills:
 * Level 4.0 Fighting
 + Level 2.2 Maces & Flails
 + Level 3.4 Armour
 + Level 0.3 Dodging
 + Level 3.7 Shields


You had 2 spell levels left.
You didn't know any spells.
Your spell library was empty.

Dungeon Overview and Level Annotations

Branches:
Dungeon (2/15)

Altars:


Innate Abilities, Weirdness & Mutations

You are immune to sickness and miasma.
Your stone body is resilient. (AC +3)
You are immune to poison.
You resist negative energy. (rN+)
You are resistant to electric shocks. (rElec)
You are resistant to unholy torment.
You are immune to petrification.


Message History

You throw a stone. The stone misses the goblin.
The stone hits the goblin but does no damage.
Robin throws the goblin at you!
The goblin unwields a +0 hunting sling.
The goblin wields a +0 club.
The goblin hits you but does no damage.
You barely miss the goblin. The goblin hits you but does no damage.
You hit the goblin.
You kill the goblin!
The goblin misses you.
Robin roars a battlecry!
The goblins go into a battle-frenzy!
You block the goblin's attack.
You closely miss the goblin. The goblin barely misses you.
You closely miss the goblin. Robin throws the goblin at you!
The goblin barely misses you. x2
You block the goblin's attack. The goblin barely misses you.
The goblin unwields a +0 dagger.
The goblin wields a +0 hunting sling.
The goblin shoots a stone.
The stone barely misses you.
You sock the goblin!
You kill the goblin!
The goblin shoots a stone.
The stone hits you.
The goblin shoots a stone.
The stone hits you but does no damage.
You closely miss Robin. Robin throws the goblin at you!
The goblin hits you but does no damage.
You thump Robin!
Robin is severely wounded.
Robin zaps a wand.
The puff of flame hits you! The goblin hits you but does no damage.
The goblin closely misses you. Robin barely misses you.
You barely miss Robin.
Robin is severely wounded.
The goblin hits you but does no damage. The goblin hits you with a +0 club.
The goblin hits you but does no damage.
You hit Robin.
You kill Robin!
The goblin no longer looks unusually strong.
The goblin shoots a stone.
The stone closely misses you.
The stone closely misses the goblin.
The goblin hits you with a +0 club.
* * * LOW HITPOINT WARNING * * *
The goblin misses you. The goblin hits you with a +0 club.
You die...

# #.######+#
#.....<..###
####.....g.#
#.#####.# ###
#ggw.# ......
#@##.# .[....
#g##.##.......
#g...g........
####)###..?...
#...)# !.g..g
#.#### . #


You could see a dart slug and 4 goblins.

Vanquished Creatures
  Robin (D:2)
  2 dart slugs (D:1)
  3 endoplasms (D:1)
  A giant cockroach (D:1)
  9 goblins
  2 hobgoblins
  2 jackals (D:1)
  3 kobolds (D:1)
  2 quokkas (D:1)
  A rat (D:1)
26 creatures vanquished.

Notes
Turn   | Place    | Note
-------+----------+-------------------------------------------
     0 | D:1      | Elvor the Gargoyle Fighter began the quest for the Orb.
     0 | D:1      | Reached XP level 1. HP: 14/14 MP: 1/1
   124 | D:1      | Reached XP level 2. HP: 9/19 MP: 2/2
   129 | D:1      | Found a faded altar of an unknown god.
   390 | D:1      | Reached XP level 3. HP: 22/24 MP: 3/3
   615 | D:2      | Reached skill level 4 in Fighting
   617 | D:2      | Noticed Robin
   633 | D:2      | Killed Robin
   633 | D:2      | Slain by a goblin

Illustrated notes

Levels and vault maps discovered:
D:1:      dpeg_arrival_stonehenge_8_columns, layout_loops_ring,
          hellmonk_ecumenical_altar_heavens_door, ebering_dispersal_statue_hall
D:2:      layout_loops_cross, basic_altar, kennysheep_generic_room_10,
          uniq_robin

Skill      XL: |  1  2  3 |
---------------+----------+-----
Fighting       | 4 |  4.0
Maces & Flails | |  2.2
Armour         | |  3.4
Dodging        | |  0.3
Shields        | |  3.7

Action                   || total
-------------------------++-------
Melee: Flail             ||    80
Throw: Stone             ||     1
Armor: Scale mail        ||    41
Dodge: Dodged            ||    47
Block: Buckler           ||    15
